 Dungeon Crawl Stone Soup version 0.15.1-2-g8fbdab7 (webtiles) character file.

93671 Johnny the Nimble (level 15, -5/124 HPs)
             Began as a Demigod Ice Elementalist on Oct 1, 2014.
             Killed from afar by Aizul (20 damage)
             ... with a poison arrow
             ... on Level 1 of the Swamp.
             The game lasted 04:34:34 (50176 turns).

Johnny the Nimble (Demigod Ice Elementalist)       Turns: 50176, Time: 04:34:38

HP  -5/124       AC 18     Str 21      XL: 15   Next: 19%
MP   6/33        EV 24     Int 27      God:
Gold 510         SH  0     Dex 21      Spells:  8 memorised,  4 levels left

rFire  + + .     SeeInvis .     Z - +8 trident (protect)
rCold  + + .     Clarity  .     L - +0 leather armour {rPois}
rNeg   + . .     rCorr    .     (no shield)
rPois  +         rRot     .     k - +2 helmet "Schoyleu" {rF++ rC++ Str+3}
rElec  .         Spirit   .     t - +0 cloak
SustAb .         Warding  .     P - +2 pair of gloves {Dex+3}
rMut   +         Stasis   .     z - +1 pair of boots
Gourm  .                        N - amulet of resist mutation
MR     +....                    T - +4 ring of evasion
                                R - ring of positive energy

@: mighty, lethally poisoned, exhausted, very slightly contaminated, hasted and
slowed, somewhat resistant to hostile enchantments, stealthy
A: no striking features
a: no special abilities


You were on level 1 of the Swamp.
You were near starving.

You visited 5 branches of the dungeon, and saw 30 of its levels.
You also visited: Labyrinth and Volcano.

You collected 3821 gold pieces.
You spent 3311 gold pieces at shops.

Inventory:

Hand weapons
 h - the +5 glaive of Premature Burial {pain, +Blink +Fly rN+}
   (You found it in a labyrinth)

   In the hands of one skilled in necromantic magic, it inflicts extra damage on
   living creatures.
   It protects you from negative energy.
   It lets you fly.
   It lets you blink.
 Z - a +8 trident of protection (weapon)
Armour
 k - the +2 helmet "Schoyleu" (worn) {rF++ rC++ Str+3}
   (You found it on level 6 of the Dungeon)

   It affects your strength (+3).
   It greatly protects you from fire.
   It greatly protects you from cold.
 t - a +0 cloak (worn)
 w - a +0 cloak of darkness
 z - a +1 pair of boots (worn)
 L - a +0 leather armour of poison resistance (worn)
 P - a +2 pair of gloves of dexterity (worn)
 Y - a +1 ring mail of magic resistance
Magical devices
 n - a wand of lightning (3)
 r - a wand of heal wounds (0)
 M - a wand of teleportation (2)
 V - a wand of hasting (1)
 X - a wand of confusion (9)
Comestibles
 b - 7 fruits
 c - 11 bread rations
 j - 15 meat rations
 I - 3 rotting chunks of swamp drake flesh
Scrolls
 i - 2 scrolls of fear
 m - 4 scrolls of magic mapping
 y - 4 scrolls of teleportation
 B - a scroll of silence
 D - 5 scrolls of enchant armour
 E - 3 scrolls of recharging
 H - a scroll of amnesia
 U - a scroll of fog
Jewellery
 l - an uncursed ring of regeneration
 J - a +3 ring of strength
 N - an amulet of resist mutation (around neck)
 O - the ring of Liberalism {+Blink +Rage rC+ MR+ SInv}
   (You found it on level 15 of the Dungeon)

   [ring of protection from cold]

   It protects you from cold.
   It affects your resistance to hostile enchantments.
   It enhances your eyesight.
   It lets you blink.
   It lets you go berserk.
 R - a ring of positive energy (left hand)
 T - a +4 ring of evasion (right hand)
Potions
 a - 2 potions of might
 d - 5 potions of brilliance
 e - 2 potions of cancellation
 f - 3 potions of invisibility {unknown}
 g - a potion of magic {unknown}
 o - 2 potions of resistance
 q - 3 potions of flight
 v - 2 potions of degeneration {unknown}
 x - 6 potions of heal wounds {unknown}
 A - 3 potions of lignification {unknown}
 G - 2 potions of cure mutation {unknown}
 Q - 3 potions of restore abilities {unknown}
 S - 9 potions of curing
 W - a potion of mutation {unknown}
Miscellaneous
 p - a disc of storms
 s - a crystal ball of energy
 F - a lamp of fire


   Skills:
 * Level 9.1 Fighting
 + Level 6.0 Armour
 * Level 9.2 Dodging
 + Level 7.0 Stealth
 * Level 8.6 Spellcasting
 + Level 6.9 Conjurations
 * Level 7.1 Hexes
 * Level 7.4 Charms
 * Level 8.8 Summonings
 - Level 1.3 Translocations
 - Level 8.5 Ice Magic
   Level 3.1 Air Magic
 - Level 2.7 Earth Magic
 + Level 8.8 Evocations


You had 4 spell levels left.
You knew the following spells:

 Your Spells              Type           Power        Failure   Level  Hunger
a - Freeze                Ice            ####         1%          1    None
b - Summon Ice Beast      Ice/Summ       ######..     1%          4    #......
c - Ozocubu's Armour      Chrm/Ice       ######..     1%          3    None
d - Throw Icicle          Conj/Ice       ######..     2%          4    #......
e - Confuse               Hex            ######..     1%          3    None
f - Haste                 Chrm           ######..     38%         6    ######.
g - Leda's Liquefaction   Hex/Erth       #####.....   8%          4    #......
r - Blink                 Tloc           N/A          6%          2    None


Dungeon Overview and Level Annotations

Branches:
Dungeon (15/15)            Temple (0/1) D:5             Orc (4/4) D:10
    Elf (2/3) Orc:3          Lair (8/8) D:8           Swamp (1/5) Lair:6
  Snake (0/5) Lair:6        Slime (0/6) Lair:8       Vaults (0/5) D:14
 Depths (0/5) D:15

Shops:
D:8 (   D:9 %   Orc:1 *   Orc:2 }   Orc:4 !:(*

Annotations:
D:3 Grinder
D:14 exclusion: Roxanne, Roxanne
Lair:1 Nergalle
Swamp:1 Aizul


Message History

You feel much better.
This wand has 0 charges left.
You feel sick.
Your ice beast barely misses Aizul.
Aizul casts a spell at you. The poison arrow hits you!
You are more poisoned.
You partially resist.
* * * LOW HITPOINT WARNING * * *
Your ice beast misses Aizul.
Aizul coils himself and waves his upper body at you.
You fall asleep.
You feel sick.
Your ice beast closely misses Aizul.
Aizul completely misses you.
You feel sick.
Your ice beast completely misses Aizul.
Aizul completely misses you.
Your ice beast hits Aizul but does no damage.
Aizul casts a spell at you. The poison arrow hits you!
You are lethally poisoned!
You partially resist.
You wake up.
You die...

♣ ♣..._...♣ ♣
♣♣..≈..♣♣ ♣ ♣.≈≈≈.♣
♣ ♣♣..≈..♣♣ . ♣
♣.......♣ ≈♣ ♣
♣♣..♣..♣♣ .♣ ♣
♣♣♣♣♣♣...♣♣♣♣♣♣ ..♣
♣♣..♣♣..♣..♣♣.≈♣...♣
♣ ♣.≈....♣♣♣..@S.≈♣
♣♣ ♣♣...♣♣♣♣♣♣♣.Y≈.♣
≈♣ ♣.♣♣♣≈....♣♣♣≈.♣
♣♣ ♣♣.≈≈Y≈....♣
≈.♣... .♣
♣..%≈...♣.♣♣ .≈..≈.♣
≈♣ ♣♣.≈≈≈≈.≈♣.♣
≈≈≈.≈..♣
.♣♣♣.......≈♣.♣
♣.♣....♣
.♣..P.♣♣♣.≈...♣ ♣♣
..♣. .≈≈≈≈.♣ ♣♣≈≈≈≈♣
.♣♣


You could see Aizul and a friendly ice beast.

Vanquished Creatures
  A frost giant (Orc:3)
  An orc warlord (D:8)
  A minotaur (Lab)
  A yaktaur captain (D:15)
  Harold (D:11)
  Nessos (D:13)
  2 hydras
  A centaur warrior (D:15)
  An anaconda (shapeshifter) (D:13)
  A dancing weapon (D:13)
  Urug (D:14)
  4 orc high priests (Orc:4)
  5 deep elf knights
  A fire crab (Lair:6)
  An unseen horror (D:14)
  3 deep elf summoners (Elf:2)
  3 orc knights (Orc:4)
  An ironbrand convoker (D:14)
  4 hill giants
  4 deep elf conjurers
  3 ugly things
  A griffon (Lair:8)
  2 harpies (D:14)
  2 slime creatures
  3 cyclopes
  A black mamba (Lair:6)
  A gargoyle (D:12)
  6 elephants
  An orange crystal statue (D:13)
  6 spiny frogs
  A yaktaur (D:15)
  6 komodo dragons
  2 trolls (D:12)
  A spriggan druid (Lair:8)
  6 deep elf priests
  2 polar bears (Lair:8)
  A two-headed ogre (D:12)
  Prince Ribbit (D:4)
  A catoblepas skeleton (D:12)
  A trapdoor spider (D:14)
  A redback (D:14)
  5 yaks
  2 spriggans (Lair:8)
  A shadow (D:13)
  2 tarantellas (D:14)
  15 deep elf magi
  A wyvern (D:13)
  A wraith (D:14)
  8 deep elf fighters
  5 hippogriffs
  3 wargs (D:8)
  6 wolves
  6 ice beasts
  2 mottled dragons (D:15)
  3 porcupines
  16 orc warriors
  3 water moccasins
  6 ogres
  3 black bears
  3 boggarts (D:14)
  A sky beast (D:13)
  A phantom (D:8)
  7 crocodiles
  A yellow wasp (Lair:8)
  A swamp drake (Swamp:1)
  5 centaurs
  Sigmund (D:2)
  Duvessa (D:4)
  6 giant frogs
  A cyclops zombie (D:12)
  3 killer bees
  2 scorpions
  2 eyes of draining (D:14)
  A water moccasin skeleton (D:6)
  A hippogriff zombie (D:8)
  15 wights
  2 spriggan skeletons (Lab)
  5 hounds
  Dowan (D:4)
  30 orc priests
  A centaur skeleton (Lab)
  4 iguanas
  An iron imp (D:14)
  10 orc wizards
  4 worker ants
  An orange rat (Elf:2)
  2 sheep
  2 mottled dragon zombies (D:15)
  A mummy (D:9)
  2 green rats
  3 gnolls (D:2)
  20 adders
  4 shadow imps
  4 worms
  2 giant geckos
  An ooze (D:2)
  83 orcs
  2 ball pythons (D:1)
  7 giant cockroaches
  12 goblins
  11 hobgoblins
  4 jackals
  15 kobolds
  7 quokkas
  12 bats
  5 giant newts
  A giant spore (D:10)
  A hobgoblin zombie (D:7)
  A kobold skeleton (D:7)
  2 orc skeletons
  A quokka skeleton (D:4)
  16 rats
  8 ballistomycetes
  A plant (D:5)
516 creatures vanquished.

Vanquished Creatures (collateral kills)
  An acid blob (Lair:8)
  A deep elf sorcerer (Elf:2)
  The ghost of letownia the Bludgeoner, a powerful OgWz of Makhleb (Orc:4)
  A deep elf death mage (Elf:2)
  7 hydras
  The ghost of teukkam the Ruffian, an experienced TrMo of Nemelex Xobeh (D:11)
  Erica (Lair:3)
  An ogre mage (Volcano)
  A dancing weapon (D:14)
  A tengu warrior (D:15)
  3 death yaks (Lair:7)
  An orc high priest (Orc:4)
  3 deep elf knights
  2 deep elf summoners
  6 orc knights
  A harpy (D:14)
  19 hill giants
  2 griffons
  10 ugly things
  A manticore (D:11)
  11 elephants
  A centaur zombie (D:14)
  A black mamba (Lair:4)
  A feature mimic (Orc:2)
  13 spiny frogs
  2 cyclopes
  6 komodo dragons
  A gargoyle (D:13)
  An efreet (D:13)
  2 fire drakes
  A kobold demonologist (D:14)
  A redback zombie (D:13)
  2 deep elf priests (Elf:1)
  A polar bear (Lair:8)
  The ghost of Johnny the Chiller, an average DgIE (D:4)
  7 two-headed ogres
  17 blink frogs
  3 trolls
  7 ravens
  A basilisk (Lair:3)
  7 slime creatures
  A bog body (Swamp:1)
  37 yaks
  A water elemental (D:15)
  A trapdoor spider (D:15)
  A griffon skeleton (D:14)
  10 spriggans (Lair:8)
  6 deep elf magi
  8 redbacks
  A wraith (D:14)
  6 deep elf fighters
  A human (D:7)
  2 hungry ghosts
  A wyvern (D:10)
  A vampire mosquito (D:13)
  3 swamp worms (Swamp:1)
  11 hippogriffs
  A hill giant skeleton (D:14)
  32 wolves
  14 wargs
  13 water moccasins
  Menkaure (D:6)
  A tengu zombie (D:12)
  3 nagas (Lair:6)
  4 phantoms
  4 black bears (Lair:8)
  An ice beast (D:11)
  4 porcupines
  28 orc warriors
  2 boggarts (D:14)
  13 ogres
  A sky beast (D:11)
  A manticore zombie (D:13)
  8 crocodiles
  An orc skeleton (D:13)
  3 yellow wasps
  2 big kobolds
  5 centaurs
  A boring beetle (Lair:7)
  7 giant frogs
  A wyvern zombie (D:7)
  An eye of draining (D:9)
  2 cyclops skeletons
  3 scorpions
  9 killer bees
  An electric eel (Lair:4)
  17 wights
  3 jellies
  5 crimson imps
  A giant frog zombie (D:9)
  A goliath beetle (D:6)
  4 quasits
  16 orc priests
  8 hounds
  8 iguanas
  11 orc wizards
  7 worker ants
  An orange rat (Elf:2)
  28 sheep
  An ogre skeleton (Lab)
  A mottled dragon skeleton (D:15)
  A mummy (D:12)
  10 adders
  43 green rats
  2 shadow imps
  An ufetubus (D:14)
  An iguana zombie (D:6)
  2 oozes (D:6)
  133 orcs
  2 giant cockroaches
  4 hobgoblins
  7 quokkas
  A bat (D:8)
  5 goblins
  8 kobolds
  An orc zombie (D:7)
  2 rats
  A spectral orc (Lair:1)
  16 ballistomycetes
  2 fungi (Lair:6)
763 creatures vanquished.

Vanquished Creatures (others)
  A deep elf knight (Elf:1)
  A wizard (D:11)
  309 ice beasts
  2 giant frogs (D:7)
  An orc wizard (D:5)
  A worker ant (D:7)
  A green rat (Lair:5)
  An orc (Orc:4)
  A hobgoblin (D:7)
  A bat (D:7)
  A giant newt (D:7)
  4 giant spores
  3 fungi
  4 plants
331 creatures vanquished.

Grand Total: 1610 creatures vanquished

Notes
Turn   | Place    | Note
--------------------------------------------------------------
     0 | D:1      | Johnny, the Demigod Ice Elementalist, began the quest for the Orb.
     0 | D:1      | Reached XP level 1. HP: 14/14 MP: 3/3
   232 | D:1      | Reached XP level 2. HP: 7/22 MP: 5/5
   834 | D:1      | Reached skill level 3 in Ice Magic
  1194 | D:2      | Noticed Sigmund
  1515 | D:2      | Killed Sigmund
  1515 | D:2      | Reached skill level 1 in Fighting
  1515 | D:2      | Reached XP level 3. HP: 7/28 MP: 5/8
  1515 | D:2      | Reached XP level 4. HP: 8/35 MP: 6/11
  1796 | D:2      | Reached skill level 1 in Armour
  1934 | D:2      | Reached XP level 5. HP: 22/40 MP: 3/12
  1940 | D:2      | Learned a level 4 spell: Summon Ice Beast
  2880 | D:3      | Noticed Grinder
  2881 | D:3      | Paralysed by Grinder for 2 turns
  2985 | D:4      | Noticed Prince Ribbit
  3020 | D:4      | Reached skill level 1 in Summonings
  3020 | D:4      | Reached skill level 1 in Evocations
  3020 | D:4      | Reached XP level 6. HP: 33/48 MP: 13/15
  3101 | D:4      | Killed Prince Ribbit
  3101 | D:4      | Reached skill level 4 in Ice Magic
  3174 | D:4      | Reached XP level 7. HP: 26/56 MP: 13/18
  3182 | D:4      | Noticed Duvessa
  3182 | D:4      | Noticed Dowan
  3551 | D:4      | Found a bloodstained altar of Trog.
  3552 | D:4      | Found a burning altar of Makhleb.
  3554 | D:4      | Found a white marble altar of Elyvilon.
  3647 | D:4      | Found a shadowy altar of Dithmenos.
  3706 | D:4      | Killed Dowan
  3710 | D:4      | Killed Duvessa
  3823 | D:4      | Noticed an ogre
  3831 | D:4      | Killed an ogre
  4019 | D:4      | Noticed Johnny's ghost (average DgIE)
  4075 | D:4      | Killed Johnny's ghost
  4218 | D:4      | Reached XP level 8. HP: 63/63 MP: 8/20
  4373 | D:5      | Entered Level 5 of the Dungeon
  4818 | D:5      | Found a staircase to the Ecumenical Temple.
  5467 | D:6      | Reached skill level 5 in Ice Magic
  5648 | D:6      | Got a shimmering helmet
  5659 | D:6      | Identified the +2 helmet "Schoyleu" {rF++ rC++ Str+3} (You found it on level 6 of the Dungeon)
  6003 | D:6      | Noticed Menkaure
  6028 | D:6      | Killed Menkaure
  6266 | D:7      | Learned a level 4 spell: Throw Icicle
  6270 | D:7      | Learned a level 3 spell: Ozocubu's Armour
  6565 | D:7      | Reached skill level 1 in Conjurations
  6589 | D:7      | Found a shimmering altar of Xom.
  7443 | D:8      | Reached skill level 1 in Charms
  7515 | D:8      | Reached XP level 9. HP: 70/71 MP: 2/23
  7760 | D:8      | Found a staircase to the Lair.
  8182 | D:8      | Got an ancient dire flail
  8183 | D:8      | Identified the cursed +0 dire flail "Stras" {crush, Int-3} (You found it on level 8 of the Dungeon)
  8332 | D:8      | Reached skill level 5 in Dodging
  8445 | D:8      | Found Aganuav's Weapon Shop.
  8711 | D:8      | Noticed an orc warlord
  9187 | D:9      | Found Zaupek's Food Shop.
  9631 | D:9      | Identified the Incunabulum of Beguiling
 10129 | D:10     | Entered Level 10 of the Dungeon
 10272 | D:10     | Reached skill level 6 in Ice Magic
 10373 | D:10     | Found a basalt altar of Yredelemnul.
 10702 | D:10     | Found a staircase to the Orcish Mines.
 10792 | D:10     | Noticed a hill giant
 10802 | D:10     | Killed a hill giant
 10992 | D:10     | Learned a level 3 spell: Confuse
 11402 | D:11     | Reached XP level 10. HP: 63/80 MP: 1/25
 12036 | D:11     | Found a bloodstained altar of Trog.
 12036 | D:11     | Noticed a wizard
 12042 | D:11     | Killed a wizard
 12180 | D:11     | Noticed teukkam's ghost (experienced TrMo)
 12202 | D:11     | Killed teukkam's ghost
 12202 | D:11     | Reached skill level 5 in Spellcasting
 12260 | D:11     | Noticed a manticore
 12271 | D:11     | Killed a manticore
 12271 | D:11     | Reached skill level 1 in Hexes
 12794 | D:11     | Noticed Harold
 12804 | D:11     | Reached skill level 5 in Summonings
 12826 | D:11     | Killed Harold
 12826 | D:11     | Reached skill level 5 in Fighting
 13252 | D:8      | Reached skill level 5 in Evocations
 13333 | Lair:1   | Entered Level 1 of the Lair of Beasts
 13333 | Lair:1   | Noticed Nergalle
 14820 | Lair:1   | Noticed an eight-headed hydra
 14859 | Lair:2   | Reached XP level 11. HP: 39/88 MP: 1/27
 15116 | Lair:2   | Learned a level 2 spell: Blink
 16034 | Lair:3   | Noticed Erica
 16066 | Lair:3   | Noticed a six-headed hydra
 16074 | Lair:3   | Killed a six-headed hydra
 16270 | Lair:3   | Noticed a four-headed hydra
 16283 | Lair:3   | Killed a four-headed hydra
 17022 | Lair:4   | Reached skill level 7 in Ice Magic
 17950 | Lair:5   | Found a dark tunnel.
 17965 | Volcano  | Entered a volcano
 18227 | Volcano  | Noticed an ogre mage
 18243 | Volcano  | Killed an ogre mage
 18559 | Lair:5   | Reached XP level 12. HP: 97/97 MP: 11/29
 19134 | Lair:6   | Reached skill level 5 in Charms
 19347 | Lair:6   | Noticed a six-headed hydra
 19355 | Lair:6   | Killed a six-headed hydra
 19580 | Lair:6   | Found a staircase to the Swamp.
 19626 | Lair:6   | Found a staircase to the Snake Pit.
 20280 | Lair:7   | Reached skill level 5 in Conjurations
 20317 | Lair:7   | Found an ancient bone altar of Kikubaaqudgha.
 21173 | Lair:7   | Noticed a seven-headed hydra
 21184 | Lair:7   | Killed a seven-headed hydra
 21602 | Lair:7   | Reached skill level 5 in Stealth
 22475 | Lair:8   | Entered Level 8 of the Lair of Beasts
 22645 | Lair:8   | Noticed an eight-headed hydra
 22664 | Lair:8   | Killed an eight-headed hydra
 23083 | Lair:8   | Found a viscous altar of Jiyva.
 23083 | Lair:8   | Found a staircase to the Slime Pits.
 23700 | Lair:8   | Reached skill level 8 in Ice Magic
 23703 | Lair:8   | Reached skill level 5 in Hexes
 23941 | Lair:8   | Reached XP level 13. HP: 92/105 MP: 12/30
 24385 | Lair:8   | Learned a level 5 spell: Silence
 24390 | Lair:8   | Learned a level 4 spell: Leda's Liquefaction
 24567 | Lair:8   | Noticed an acid blob
 24573 | Lair:8   | Killed an acid blob
 25519 | Lair:6   | Reached skill level 1 in Earth Magic
 25663 | Lair:3   | Killed Erica
 27531 | D:8      | Killed an orc warlord
 27588 | Orc:1    | Entered Level 1 of the Orcish Mines
 27596 | Orc:1    | Found Truakhly Rebb's Assorted Antiques.
 27629 | Orc:1    | Bought a scroll of identify for 46 gold pieces
 27973 | Orc:2    | Found Odghoc's Gadget Shoppe.
 27989 | Orc:2    | Found a frozen archway.
 27994 | Orc:2    | the frozen archway was a mimic.
 28016 | Orc:2    | Reached skill level 1 in Air Magic
 28729 | Orc:3    | Found a staircase to the Elven Halls.
 29176 | Orc:3    | Noticed a frost giant
 29380 | Orc:3    | Killed a frost giant
 29657 | Orc:3    | Reached skill level 1 in Translocations
 29875 | Orc:3    | Got a bone shortbow
 29878 | Orc:3    | Identified the +4 shortbow "Kigylef" {flame, rC+ rN+ Dex+2 Int+2} (You found it on level 3 of the Orcish Mines)
 30355 | Orc:4    | Entered Level 4 of the Orcish Mines
 30355 | Orc:4    | Noticed letownia's ghost (powerful OgWz)
 30666 | Orc:4    | Found Aguvecih's Distillery.
 30671 | Orc:4    | Killed letownia's ghost
 31868 | Orc:4    | Reached skill level 5 in Armour
 35287 | Orc:4    | Found Medaz's Antique Weapon Shop.
 35287 | Orc:4    | Found Klecw's Book Boutique.
 35287 | Orc:4    | Found Ulathic's Food Boutique.
 35287 | Orc:4    | Found Estaocha's Assorted Antiques.
 35295 | Orc:4    | Bought a scroll of identify for 50 gold pieces
 35303 | Orc:4    | Bought a slice of pizza for 21 gold pieces
 35303 | Orc:4    | Bought a beef jerky for 21 gold pieces
 35303 | Orc:4    | Bought a meat ration for 70 gold pieces
 35303 | Orc:4    | Bought a beef jerky for 21 gold pieces
 35303 | Orc:4    | Bought a royal jelly for 28 gold pieces
 35303 | Orc:4    | Bought 2 beef jerkies for 42 gold pieces
 35308 | Orc:4    | Bought a potion of haste for 175 gold pieces
 35308 | Orc:4    | Bought a fine spear for 200 gold pieces
 35313 | Orc:4    | Identified the cursed +1 spear of Massacring {pierce, Contam +Rage rElec SInv} (You bought it in a shop on level 4 of the Orcish Mines)
 35323 | Orc:4    | Bought a Grand Grimoire for 1545 gold pieces
 35323 | Orc:4    | Bought a book of Enchantments for 700 gold pieces
 35609 | Orc:4    | Bought a potion of agility for 40 gold pieces
 35609 | Orc:4    | Bought a potion of might for 40 gold pieces
 35609 | Orc:4    | Bought a potion of might for 40 gold pieces
 35609 | Orc:4    | Bought a potion of flight for 48 gold pieces
 35609 | Orc:4    | Bought a potion of resistance for 112 gold pieces
 35609 | Orc:4    | Bought a potion of haste for 112 gold pieces
 35800 | D:12     | Reached XP level 14. HP: 114/114 MP: 3/31
 36594 | D:12     | Found a glowing golden altar of the Shining One.
 36936 | D:13     | Found a labyrinth entrance.
 36946 | Lab      | Entered a labyrinth
 39491 | Lab      | Got a fine bardiche
 39493 | Lab      | Identified the +7 bardiche of Unreason {antimagic, Str+1} (You found it in a labyrinth)
 39496 | Lab      | Got a transparent glaive
 39500 | Lab      | Identified the +5 glaive of Premature Burial {pain, +Blink +Fly rN+} (You found it in a labyrinth)
 39501 | Lab      | Identified a +1 rod of ignition (10/10) (You took it off a minotaur in a labyrinth)
 39513 | Lab      | Got a distressingly furry chain mail
 40185 | D:13     | Noticed Nessos
 40220 | D:13     | Killed Nessos
 41357 | D:12     | Identified 3 scrolls of acquirement
 41364 | D:12     | Got a pair of heavily runed boots
 41375 | D:12     | Identified the -1 pair of boots of Vyoxzas {MR+ Str+3} (You acquired it on level 12 of the Dungeon)
 41398 | D:12     | Got an ancient plate armour
 41425 | D:12     | Identified the +5 plate armour of Trye {rF++} (You acquired it on level 12 of the Dungeon)
 42170 | D:12     | Identified the +3 chain mail of the Quahog {Dex+3 Int+1} (You found it in a labyrinth)
 42614 | D:14     | Noticed Urug
 42629 | D:14     | Killed Urug
 43262 | D:14     | Noticed Roxanne
 44024 | Elf:1    | Entered Level 1 of the Elven Halls
 45262 | Elf:2    | Noticed a deep elf sorcerer
 45271 | Elf:2    | Killed a deep elf sorcerer
 46568 | Elf:2    | Reached skill level 9 in Dodging
 47015 | D:14     | Found a gate to the Vaults.
 47664 | D:15     | Entered Level 15 of the Dungeon
 47749 | D:15     | Found a shadowy altar of Dithmenos.
 47854 | D:15     | Got a fine wooden ring
 47875 | D:15     | Reached XP level 15. HP: 123/123 MP: 20/33
 48332 | D:12     | Learned a level 6 spell: Haste
 48649 | D:15     | Found a staircase to the Depths.
 49391 | Swamp:1  | Entered Level 1 of the Swamp
 49672 | Swamp:1  | Identified the ring of Liberalism {+Blink +Rage rC+ MR+ SInv} (You found it on level 15 of the Dungeon)
 49870 | Swamp:1  | Found a shattered altar of Ashenzari.
 49896 | Swamp:1  | Noticed Aizul
 50176 | Swamp:1  | Killed from afar by Aizul

Action                   |  1- 3 |  4- 6 |  7- 9 | 10-12 | 13-15 || total
-------------------------+-------+-------+-------+-------+-------++-------
Melee: Short sword       |    36 |       |       |       |       ||    36
       Dagger            |    27 |   104 |   788 |   578 |   118 ||  1615
       Cutlass           |       |       |    14 |       |       ||    14
       Trident           |       |       |       |       |   684 ||   684
       Falchion          |       |       |       |       |   179 ||   179
 Cast: Freeze            |    12 |    69 |    59 |   127 |   126 ||   393
       Summon Ice Beast  |       |       |   141 |   335 |   508 ||   984
       Throw Icicle      |       |       |    21 |    80 |   375 ||   476
       Confuse           |       |       |       |     6 |    32 ||    38
       Blink             |       |       |       |     4 |    17 ||    21
       Silence           |       |       |       |       |     2 ||     2
       Haste             |       |       |       |       |     1 ||     1
       Leda's Liquefacti |       |       |       |       |     1 ||     1
Evoke: Wand              |       |     6 |     5 |    30 |    34 ||    75
       Disc of storms    |       |       |       |       |     3 ||     3
  Use: Potion            |       |     7 |     1 |     3 |    13 ||    24
       Scroll            |       |       |    12 |     7 |    25 ||    44
 Stab: Sleeping          |     2 |     1 |     5 |     5 |     4 ||    17
       Distracted        |       |       |     7 |     9 |    16 ||    32
       Fleeing           |       |       |       |     1 |       ||     1
       Confused          |       |       |       |       |     1 ||     1
  Eat: Chunk             |     1 |     6 |    47 |    69 |   103 ||   226
       Fruit             |       |     1 |    10 |     4 |    11 ||    26
       Royal jelly       |       |       |     1 |       |     2 ||     3
       Beef jerky        |       |       |       |     4 |     8 ||    12
       Pizza             |       |       |       |     2 |     8 ||    10
       Meat ration       |       |       |       |     1 |     1 ||     2
